 Dungeon Crawl Stone Soup version 0.30-a0-172-gc5509c9e31 (webtiles) character file.

Game seed: 4286723485432355789

34839 qw the Cleaver (level 13, -1/84 HPs)
             Began as a Gargoyle Fighter on Oct 1, 2022.
             Was a High Priest of Okawaru.
             Slain by a 20-headed hydra (11 damage)
             ... on level 5 of the Lair of Beasts.
             The game lasted 00:05:36 (14826 turns).

qw the Cleaver (Gargoyle Fighter)                  Turns: 14826, Time: 00:05:37

Health: -1/84      AC: 45    Str: 35    XL:     13   Next: 80%
Magic:  1/20       EV: 10    Int: 19    God:    Okawaru [*****.]
Gold:   809        SH:  6    Dex:  9    Spells: 12/12 levels left

rFire   . . .      SeeInvis +    Y - +1 war axe (protect)
rCold   x . .      Faith    .    c - +0 buckler
rNeg    + . .      Spirit   .    s - +1 plate armour "Pogeocyo" {Str+4 Int+6}
rPois   inf        Reflect  .    b - +2 helmet
rElec   +          Harm     .    (no cloak)
rCorr   .          Rampage  .    n - +2 pair of gloves {infuse}
Will    +....                    e - +2 pair of boots "Gytipt" {rC- Will+ Int+4}
Stlth   ..........               q - amulet of the acrobat
HPRegen 0.34/turn                p - ring of see invisible
MPRegen 0.17/turn                o - +6 ring of strength

@: about to teleport, heroic, finesse-ful, under a protective aura
A: sickness immunity, AC +9, negative energy resistance 1, electricity
resistance, torment resistance 1, petrification resistance
a: Renounce Religion, Heroism, Finesse, Duel


You were on level 5 of the Lair of Beasts.
You worshipped Okawaru.
Okawaru was extremely pleased with you.
You visited 3 branches of the dungeon, and saw 14 of its levels.

You collected 809 gold pieces.


Innate Abilities, Weirdness & Mutations

You are immune to sickness and miasma.
Your stone body is resilient. (AC +9)
You are immune to poison.
You resist negative energy. (rN+)
You are resistant to electric shocks. (rElec)
You are resistant to unholy torment.
You are immune to petrification.


   Skills:
 - Level 11.0(16.0) Fighting
 + Level 14.7(19.7) Axes
 - Level 2.0(7.0) Throwing
 - Level 10.0(15.0) Armour
 - Level 2.0(7.0) Dodging
 - Level 7.1(12.1) Shields
 - Level 10.0 Invocations


You had 12 spell levels left.
You didn't know any spells.
Your spell library was empty.

Inventory:

Hand Weapons
 Y - a +1 war axe of protection (weapon)
Missiles
 v - 2 boomerangs (quivered)
Armour
 b - a +2 helmet (worn)
 c - a +0 buckler (worn)
 e - the +2 pair of boots "Gytipt" (worn) {rC- Will+ Int+4}
   (You found it on level 3 of the Lair of Beasts)

   Int:       It affects your intelligence (+4).
   rC:        It makes you vulnerable to cold.
   Will:      It increases your willpower.
 n - a +2 pair of gloves of infusion (worn)
 r - a +1 hat of see invisible
 s - the +1 plate armour "Pogeocyo" (worn) {Str+4 Int+6}
   (You found it on level 1 of the Lair of Beasts)

   Str:       It affects your strength (+4).
   Int:       It affects your intelligence (+6).
Jewellery
 f - a ring of protection from cold
 k - a +6 ring of dexterity
 o - a +6 ring of strength (right hand)
 p - a ring of see invisible (left hand)
 q - an amulet of the acrobat (around neck)
 u - a ring of ice
Scrolls
 a - 6 scrolls of identify
 j - 2 scrolls of teleportation
Potions
 d - 2 potions of might
 g - 2 potions of cancellation
 h - 3 potions of curing
 i - 3 potions of lignification
 l - a potion of mutation
 m - 4 potions of haste
 t - 4 potions of heal wounds

Dungeon Overview and Level Annotations

Branches:
Dungeon (8/15)             Temple (1/1) D:5            Lair (5/5) D:8
 Shoals (0/4) Lair:3        Snake (0/4) Lair:3        Slime (0/5) Lair:4

Altars:
Ashenzari
Cheibriados
Dithmenos
Elyvilon
Fedhas
Gozag
Hepliaklqana
Kikubaaqudgha
Makhleb
Nemelex Xobeh
Okawaru
Qazlal
Sif Muna
Uskayaw
Vehumet
Wu Jian
Xom
Yredelemnul
Zin
The Shining One
Jiyva

Annotations:
Lair:4 2 transporters, qw's ghost, journeyman GrFi


Message History

The 20-headed hydra bites you but does no damage.
The 20-headed hydra closely misses you. The 20-headed hydra barely misses you.
The 20-headed hydra bites you but does no damage.
The 20-headed hydra bites you.
The 20-headed hydra bites you but does no damage.
The 20-headed hydra completely misses you.
The elephant tramples you but does no damage.
The elephant closely misses you.
You lop one of the 20-headed hydra's heads off!
You hit the 19-headed hydra.
The 19-headed hydra is heavily wounded.
You slash the elephant!
You slice one of the 19-headed hydra's heads off!
The 18-headed hydra grows two more!
You hit the 20-headed hydra.
The 20-headed hydra is heavily wounded.
You slash the elephant! You slice the elephant!!
You kill the elephant!
Okawaru accepts your kill.
You completely miss the 20-headed hydra.
You block the 20-headed hydra's attack.
The 20-headed hydra bites you but does no damage.
The 20-headed hydra barely misses you. The 20-headed hydra bites you.
The 20-headed hydra closely misses you.
The 20-headed hydra bites you but does no damage.
You block the 20-headed hydra's attack. The 20-headed hydra barely misses you.
The 20-headed hydra bites you. The 20-headed hydra barely misses you.
The 20-headed hydra completely misses you.
The 20-headed hydra barely misses you. The 20-headed hydra bites you.
The 20-headed hydra bites you but does no damage. x2
The 20-headed hydra bites you!
The 20-headed hydra bites you but does no damage. x4
Your base Throwing skill increases to level 2!
14826 ||| READING 3 scrolls of teleportation.
As you read the scroll of teleportation, it crumbles to dust.
You feel strangely unstable. The 20-headed hydra closely misses you.
The 20-headed hydra bites you but does no damage. x4
The 20-headed hydra bites you!
You die...

#..# ####..
#...##..P...
###.#...#.....
.............
###...........
##.............
#.....D.%......
#@%......
#..##.... ####
.


You could see a 20-headed hydra.

Vanquished Creatures
  Gastronok (Lair:3)
  Fannar (Lair:3)
  A hydra (Lair:5)
  A catoblepas (Lair:4)
  Nergalle (Lair:3)
  A deep troll (Lair:1)
  Pikel (D:7)
  2 manticores (Lair:5)
  16 elephants
  2 black mambas
  4 torpor snails
  9 cane toads
  4 komodo dragons
  3 rime drakes
  3 polar bears
  A wind drake (Lair:5)
  27 blink frogs
  A troll (D:8)
  Prince Ribbit (D:7)
  7 dream sheep (Lair:4)
  A shadow (D:5)
  A wyvern (Lair:4)
  21 yaks
  5 basilisks
  2 steam dragons
  Grum (D:8)
  2 nagas (Lair:3)
  12 water moccasins
  Duvessa (D:5)
  An orc warrior (D:6)
  5 sky beasts
  2 ice beasts
  3 ogres
  13 wolves
  3 centaurs
  4 phantoms
  A kobold brigand (D:7)
  9 bullfrogs
  5 scorpions
  4 wights (D:8)
  Dowan (D:5)
  3 howler monkeys
  5 electric eels (D:8)
  2 jellies (D:5)
  10 hounds
  2 gnoll boudas
  An orc priest (D:6)
  2 iguanas
  Natasha (thrice) (D:3)
  An orc wizard (D:6)
  4 hell rats (Lair:4)
  7 gnolls
  11 adders
  A shadow imp (D:5)
  3 white imps
  2 worms
  A dart slug (D:5)
  23 orcs
  4 endoplasms
  3 giant cockroaches
  4 goblins
  4 hobgoblins
  5 jackals
  2 quokkas
  4 ball pythons
  11 bats
  2 frilled lizards (D:1)
  5 kobolds
  4 rats
313 creatures vanquished.

Vanquished Creatures (others)
  A bush (Lair:3)
  36 fungi
  147 plants
184 creatures vanquished.

Grand Total: 497 creatures vanquished

Notes
Turn   | Place    | Note
-------+----------+-------------------------------------------
     0 | D:1      | qw the Gargoyle Fighter began the quest for the Orb.
     0 | D:1      | Reached XP level 1. HP: 14/14 MP: 1/1
     0 | D:1      | 0 ||| qw: Version: 0.2-a-13-gfc7b4b4
     0 | D:1      | 0 ||| qw: Game counter: 1813
     0 | D:1      | 0 ||| qw: Always use a shield: true
     0 | D:1      | 0 ||| qw: God list: Okawaru
     0 | D:1      | 0 ||| qw: Allow faded altars: false
     0 | D:1      | 0 ||| qw: Do Orc after D:15 true
     0 | D:1      | 0 ||| qw: Do second Lair branch before Depths: true
     0 | D:1      | 0 ||| qw: Lair rune preference: random
     0 | D:1      | 0 ||| qw: Plans: Normal, Zot:1-4, God:TSO, Crypt, Tomb,
                  | Pan, Slime:5, Hells, Abyss, Orb
     0 | D:1      | 0 ||| PLANNING D:1-11
    38 | D:1      | 38 ||| Stepping ~*~*~tactically~*~*~ (stealth).
    43 | D:1      | Reached skill level 2 in Axes
    91 | D:1      | Reached XP level 2. HP: 19/19 MP: 2/2
   110 | D:1      | Found a faded altar of an unknown god.
   137 | D:1      | 137 ||| Stepping ~*~*~tactically~*~*~ (stealth).
   393 | D:1      | 393 ||| Stepping ~*~*~tactically~*~*~ (stealth).
   403 | D:1      | Reached skill level 3 in Axes
   550 | D:1      | 550 ||| READING scroll labelled BYLEUL POBODE.
   551 | D:1      | 551 ||| READING scroll labelled FOFIPL DUEDYIR.
   693 | D:2      | HP: 4/19 [adder (3)]
   698 | D:2      | HP: 2/19 [adder (2)]
   704 | D:2      | Reached XP level 3. HP: 1/23 MP: 3/3
   882 | D:2      | 882 ||| DROPPING +0 club.
   968 | D:2      | Found a radiant altar of Vehumet.
  1170 | D:2      | Reached XP level 4. HP: 28/28 MP: 4/4
  1307 | D:2      | 1307 ||| UPGRADING to +1 pair of gloves of infusion.
  1312 | D:2      | 1312 ||| UPGRADING to +6 ring of strength.
  1313 | D:2      | 1313 ||| READING 3 scrolls labelled REDOEL MIBBO.
  1314 | D:2      | 1314 ||| READING scroll labelled ONGEJIOCAU.
  1315 | D:2      | 1315 ||| READING scroll labelled HACIKHOAWK.
  1316 | D:2      | 1316 ||| DRINKING 2 bubbling brown potions.
  1317 | D:2      | 1317 ||| READING 2 scrolls of identify.
  1317 | D:2      | 1317 ||| IDENTIFYING metallic amethyst potion
  1366 | D:3      | Reached skill level 4 in Axes
  1433 | D:3      | Noticed Natasha
  1438 | D:3      | Killed Natasha
  1479 | D:3      | Noticed an ogre
  1487 | D:3      | HP: 3/28 [ogre/+0 giant spiked club (14)]
  1488 | D:3      | 1488 ||| DRINKING potion of heal wounds.
  1490 | D:3      | Killed an ogre
  1491 | D:3      | Reached skill level 5 in Axes
  1491 | D:3      | Reached XP level 5. HP: 29/32 MP: 1/5
  1814 | D:3      | Noticed Natasha
  1815 | D:3      | 1815 ||| Stepping ~*~*~tactically~*~*~ (stealth).
  1819 | D:3      | Killed Natasha
  1820 | D:3      | Reached skill level 1 in Dodging
  1961 | D:3      | Noticed Natasha
  1965 | D:3      | Killed Natasha
  1966 | D:3      | Reached XP level 6. HP: 38/38 MP: 3/6
  2097 | D:3      | 2097 ||| UPGRADING to +0 chain mail.
  2107 | D:3      | 2107 ||| DROPPING +0 scale mail.
  2108 | D:3      | 2108 ||| UPGRADING to amulet of the acrobat.
  2113 | D:3      | 2113 ||| UPGRADING to ring of protection from cold.
  2114 | D:3      | 2114 ||| READING scroll labelled ALATIMMITE.
  2117 | D:3      | 2117 ||| READING scroll labelled JADDAD WYSEN.
  2118 | D:3      | 2118 ||| DROPPING +0 mace.
  2119 | D:3      | 2119 ||| READING 2 scrolls of identify.
  2119 | D:3      | 2119 ||| IDENTIFYING glowing orange potion
  2120 | D:3      | 2120 ||| DROPPING potion of brilliance.
  2273 | D:4      | 2273 ||| Stepping ~*~*~tactically~*~*~ (stealth).
  2362 | D:4      | Found an opulent altar of Gozag.
  2363 | D:4      | Found a snail-covered altar of Cheibriados.
  2492 | D:4      | Found a shimmering blue altar of Sif Muna.
  2498 | D:4      | 2498 ||| Stepping ~*~*~tactically~*~*~ (hiding).
  2710 | D:4      | 2710 ||| READING 3 scrolls labelled MIBOIFF ACUNORR.
  2711 | D:4      | 2711 ||| READING scroll labelled FYNIBA FEDADI.
  2712 | D:4      | 2712 ||| READING 2 scrolls of identify.
  2712 | D:4      | 2712 ||| IDENTIFYING purple potion
  2713 | D:4      | 2713 ||| DROPPING 2 scrolls of noise.
  2714 | D:4      | 2714 ||| DROPPING potion of magic.
  2745 | D:5      | Entered Level 5 of the Dungeon
  2746 | D:5      | Found a staircase to the Ecumenical Temple.
  2747 | D:5      | 2747 ||| PLANNING TEMPLE
  2755 | Temple   | Entered the Ecumenical Temple
  2875 | Temple   | 2875 ||| PLANNING OKAWARU WORSHIP
  2969 | Temple   | Became a worshipper of Warmaster Okawaru
  2970 | Temple   | 2970 ||| PLANNING D:1-11
  3046 | D:5      | Reached XP level 7. HP: 43/44 MP: 4/7
  3114 | D:5      | Reached skill level 6 in Axes
  3140 | D:5      | 3140 ||| Stepping ~*~*~tactically~*~*~ (stealth).
  3222 | D:5      | Reached * piety under Okawaru
  3252 | D:5      | 3252 ||| Stepping ~*~*~tactically~*~*~ (stealth).
  3274 | D:5      | 3274 ||| Stepping ~*~*~tactically~*~*~ (stealth).
  3357 | D:5      | 3357 ||| Stepping ~*~*~tactically~*~*~ (hiding).
  3359 | D:5      | 3359 ||| Stepping ~*~*~tactically~*~*~ (hiding).
  3430 | D:5      | 3430 ||| Stepping ~*~*~tactically~*~*~ (stealth).
  3435 | D:5      | Reached skill level 1 in Invocations
  3469 | D:5      | Noticed a shadow
  3475 | D:5      | 3475 ||| INVOKING Heroism.
  3484 | D:5      | 3484 ||| Stepping ~*~*~tactically~*~*~ (stealth).
  3486 | D:5      | 3486 ||| FLEEEEING.
  3487 | D:5      | 3487 ||| FLEEEEING.
  3488 | D:5      | 3488 ||| FLEEEEING.
  3491 | D:5      | HP: 11/44 [ice beast (6)]
  3492 | D:5      | 3492 ||| DRINKING potion of heal wounds.
  3494 | D:5      | Killed a shadow
  3495 | D:5      | Reached skill level 7 in Axes
  3495 | D:5      | Reached skill level 3 in Invocations
  3495 | D:5      | Reached XP level 8. HP: 45/48 MP: 0/10
  3495 | D:5      | Reached ** piety under Okawaru
  3556 | D:5      | Noticed Duvessa
  3557 | D:5      | 3557 ||| Stepping ~*~*~tactically~*~*~ (stealth).
  3565 | D:5      | 3565 ||| Stepping ~*~*~tactically~*~*~ (stealth).
  3565 | D:5      | Noticed Dowan
  3566 | D:5      | 3566 ||| Stepping ~*~*~tactically~*~*~ (stealth).
  3567 | D:5      | 3567 ||| INVOKING Heroism.
  3571 | D:5      | 3571 ||| Stepping ~*~*~tactically~*~*~ (stealth).
  3575 | D:5      | 3575 ||| Stepping ~*~*~tactically~*~*~ (stealth).
  3576 | D:5      | 3576 ||| Stepping ~*~*~tactically~*~*~ (stealth).
  3578 | D:5      | Killed Duvessa
  3579 | D:5      | Reached skill level 1 in Throwing
  3582 | D:5      | 3582 ||| Stepping ~*~*~tactically~*~*~ (hiding).
  3584 | D:5      | 3584 ||| INVOKING Heroism.
  3590 | D:5      | Killed Dowan
  3797 | D:5      | 3797 ||| INVOKING Heroism.
  3832 | D:5      | 3832 ||| READING scroll of enchant armour.
  3832 | D:5      | 3832 ||| ENCHANTING +1 pair of gloves of infusion.
  3916 | D:5      | 3916 ||| Stepping ~*~*~tactically~*~*~ (stealth).
  3918 | D:5      | 3918 ||| INVOKING Heroism.
  3924 | D:5      | Reached skill level 8 in Axes
  4069 | D:5      | 4069 ||| UPGRADING to +0 helmet.
  4074 | D:5      | 4074 ||| READING scroll labelled POCWIN GARPHUI.
  4075 | D:5      | 4075 ||| DRINKING 3 sedimented blue potions.
  4177 | D:6      | 4177 ||| Stepping ~*~*~tactically~*~*~ (stealth).
  4178 | D:6      | 4178 ||| Stepping ~*~*~tactically~*~*~ (stealth).
  4286 | D:6      | 4286 ||| Stepping ~*~*~tactically~*~*~ (hiding).
  4316 | D:6      | 4316 ||| Stepping ~*~*~tactically~*~*~ (hiding).
  4317 | D:6      | 4317 ||| Stepping ~*~*~tactically~*~*~ (hiding).
  4318 | D:6      | 4318 ||| Stepping ~*~*~tactically~*~*~ (hiding).
  4319 | D:6      | 4319 ||| INVOKING Heroism.
  4323 | D:6      | Reached skill level 6 in Fighting
  4327 | D:6      | Reached XP level 9. HP: 48/55 MP: 5/12
  4432 | D:6      | 4432 ||| Stepping ~*~*~tactically~*~*~ (stealth).
  4443 | D:6      | 4443 ||| Stepping ~*~*~tactically~*~*~ (stealth).
  4444 | D:6      | 4444 ||| Stepping ~*~*~tactically~*~*~ (stealth).
  4467 | D:6      | 4467 ||| Stepping ~*~*~tactically~*~*~ (stealth).
  4485 | D:6      | 4485 ||| Stepping ~*~*~tactically~*~*~ (water).
  4531 | D:6      | 4531 ||| INVOKING Heroism.
  4686 | D:6      | 4686 ||| Stepping ~*~*~tactically~*~*~ (hiding).
  4847 | D:6      | Reached skill level 9 in Axes
  4942 | D:6      | Found a shimmering altar of Xom.
  4984 | D:6      | 4984 ||| Stepping ~*~*~tactically~*~*~ (stealth).
  4986 | D:6      | 4986 ||| Stepping ~*~*~tactically~*~*~ (hiding).
  4990 | D:6      | 4990 ||| INVOKING Heroism.
  5115 | D:6      | 5115 ||| INVOKING Heroism.
  5746 | D:6      | 5746 ||| UPGRADING to ring of see invisible.
  5748 | D:6      | 5748 ||| UPGRADING to +6 ring of strength.
  5750 | D:6      | 5750 ||| READING scroll labelled ZAIPYN KIMA.
  5751 | D:6      | 5751 ||| READING scroll labelled IHOMOQOOKH.
  5752 | D:6      | 5752 ||| DRINKING 2 emerald potions.
  5753 | D:6      | 5753 ||| READING 2 scrolls of identify.
  5753 | D:6      | 5753 ||| IDENTIFYING fuming pink potion
  5855 | D:7      | 5855 ||| INVOKING Heroism.
  5862 | D:7      | 5862 ||| Stepping ~*~*~tactically~*~*~ (stealth).
  5977 | D:7      | Noticed Pikel
  5978 | D:7      | 5978 ||| INVOKING Heroism.
  5990 | D:7      | Killed Pikel
  5990 | D:7      | Reached *** piety under Okawaru
  5991 | D:7      | Reached skill level 6 in Armour
  6134 | D:7      | Noticed Prince Ribbit
  6135 | D:7      | 6135 ||| INVOKING Heroism.
  6147 | D:7      | Killed Prince Ribbit
  6157 | D:7      | 6157 ||| FLEEEEING.
  6158 | D:7      | 6158 ||| FLEEEEING.
  6166 | D:7      | 6166 ||| INVOKING Heroism.
  6204 | D:7      | 6204 ||| Stepping ~*~*~tactically~*~*~ (stealth).
  6277 | D:7      | Found a shadowy altar of Dithmenos.
  6290 | D:7      | 6290 ||| Stepping ~*~*~tactically~*~*~ (stealth).
  6394 | D:7      | Reached XP level 10. HP: 63/63 MP: 10/13
  6462 | D:7      | 6462 ||| Stepping ~*~*~tactically~*~*~ (stealth).
  6470 | D:7      | 6470 ||| Stepping ~*~*~tactically~*~*~ (stealth).
  6684 | D:7      | 6684 ||| DROPPING ring of positive energy.
  6685 | D:7      | 6685 ||| READING scroll labelled WYINKUSEBB.
  6686 | D:7      | 6686 ||| READING 5 scrolls of identify.
  6686 | D:7      | 6686 ||| IDENTIFYING dark potion
  6687 | D:7      | 6687 ||| READING 4 scrolls of identify.
  6687 | D:7      | 6687 ||| IDENTIFYING viscous dark potion
  6688 | D:7      | 6688 ||| DROPPING potion of degeneration.
  6719 | D:8      | Noticed Grum
  6720 | D:8      | 6720 ||| Stepping ~*~*~tactically~*~*~ (hiding).
  6721 | D:8      | 6721 ||| INVOKING Heroism.
  6727 | D:8      | Reached skill level 10 in Axes
  6729 | D:8      | Reached **** piety under Okawaru
  6734 | D:8      | Killed Grum
  6734 | D:8      | Received a gift from Okawaru
  6866 | D:8      | 6866 ||| INVOKING Heroism.
  6908 | D:8      | 6908 ||| INVOKING Heroism.
  6916 | D:8      | Found a staircase to the Lair.
  6932 | D:8      | 6932 ||| INVOKING Heroism.
  6946 | D:8      | 6946 ||| FLEEEEING.
  6947 | D:8      | 6947 ||| FLEEEEING.
  6948 | D:8      | 6948 ||| STAIRDANCE
  7054 | D:8      | 7054 ||| INVOKING Heroism.
  7096 | D:8      | 7096 ||| INVOKING Heroism.
  7123 | D:8      | 7123 ||| INVOKING Heroism.
  7415 | D:8      | Reached skill level 6 in Invocations
  7476 | D:8      | Found a burning altar of Makhleb.
  7476 | D:8      | Noticed a green death
  7577 | D:8      | 7577 ||| PLANNING LAIR
  7577 | D:8      | 7577 ||| DROPPING ring of magical power.
  7608 | Lair:1   | Entered Level 1 of the Lair of Beasts
  7609 | Lair:1   | 7609 ||| INVOKING Heroism.
  7703 | Lair:1   | Noticed a cane toad
  7704 | Lair:1   | 7704 ||| Stepping ~*~*~tactically~*~*~ (stealth).
  7705 | Lair:1   | 7705 ||| INVOKING Heroism.
  7712 | Lair:1   | Killed a cane toad
  7902 | Lair:1   | Noticed a deep troll
  7903 | Lair:1   | 7903 ||| INVOKING Heroism.
  7911 | Lair:1   | Killed a deep troll
  8209 | Lair:1   | 8209 ||| INVOKING Heroism.
  8219 | Lair:1   | Reached XP level 11. HP: 62/68 MP: 4/16
  8219 | Lair:1   | Reached ***** piety under Okawaru
  8580 | Lair:1   | Identified the +1 plate armour "Pogeocyo" {Str+4 Int+6}
  8620 | Lair:1   | Reached skill level 11 in Axes
  8870 | Lair:1   | 8870 ||| UPGRADING to +1 plate armour "Pogeocyo" {Str+4
                  | Int+6}.
  8880 | Lair:1   | 8880 ||| DROPPING +0 chain mail.
  8929 | Lair:2   | 8929 ||| INVOKING Heroism.
  8931 | Lair:2   | 8931 ||| STAIRDANCE
  8966 | Lair:2   | 8966 ||| STAIRDANCE
  8992 | Lair:2   | 8992 ||| INVOKING Heroism.
  9108 | Lair:2   | 9108 ||| Stepping ~*~*~tactically~*~*~ (stealth).
  9172 | Lair:2   | 9172 ||| INVOKING Heroism.
  9242 | Lair:2   | 9242 ||| FLEEEEING.
  9243 | Lair:2   | 9243 ||| Stepping ~*~*~tactically~*~*~ (stealth).
  9244 | Lair:2   | 9244 ||| INVOKING Heroism.
  9291 | Lair:2   | 9291 ||| Stepping ~*~*~tactically~*~*~ (stealth).
  9306 | Lair:2   | 9306 ||| Stepping ~*~*~tactically~*~*~ (stealth).
  9307 | Lair:2   | 9307 ||| INVOKING Heroism.
  9311 | Lair:2   | Reached skill level 9 in Invocations
  9340 | Lair:2   | 9340 ||| INVOKING Heroism.
  9352 | Lair:2   | Received a gift from Okawaru
  9510 | Lair:2   | 9510 ||| Stepping ~*~*~tactically~*~*~ (stealth).
  9512 | Lair:2   | 9512 ||| Stepping ~*~*~tactically~*~*~ (stealth).
  9567 | Lair:2   | 9567 ||| INVOKING Heroism.
  9676 | Lair:2   | Reached skill level 9 in Fighting
  9762 | Lair:2   | 9762 ||| Stepping ~*~*~tactically~*~*~ (stealth).
  9892 | Lair:2   | 9892 ||| FLEEEEING.
  9893 | Lair:2   | 9893 ||| FLEEEEING.
  9895 | Lair:2   | 9895 ||| FLEEEEING.
  9897 | Lair:2   | 9897 ||| FLEEEEING.
  9898 | Lair:2   | 9898 ||| FLEEEEING.
  9899 | Lair:2   | 9899 ||| FLEEEEING.
  9900 | Lair:2   | 9900 ||| FLEEEEING.
  9901 | Lair:2   | 9901 ||| FLEEEEING.
  9902 | Lair:2   | 9902 ||| FLEEEEING.
  9903 | Lair:2   | 9903 ||| FLEEEEING.
  9904 | Lair:2   | 9904 ||| FLEEEEING.
  9905 | Lair:2   | 9905 ||| FLEEEEING.
  9906 | Lair:2   | 9906 ||| FLEEEEING.
  9908 | Lair:2   | 9908 ||| FLEEEEING.
  9909 | Lair:2   | 9909 ||| FLEEEEING.
  9910 | Lair:2   | 9910 ||| FLEEEEING.
  9911 | Lair:2   | 9911 ||| FLEEEEING.
  9912 | Lair:2   | 9912 ||| FLEEEEING.
  9913 | Lair:2   | 9913 ||| FLEEEEING.
  9914 | Lair:2   | 9914 ||| FLEEEEING.
  9916 | Lair:2   | 9916 ||| INVOKING Heroism.
  9986 | Lair:2   | Found a snail-covered altar of Cheibriados.
  9992 | Lair:2   | 9992 ||| INVOKING Heroism.
 10349 | Lair:2   | 10349 ||| READING scroll labelled GOOLAK UT EHUK.
 10350 | Lair:2   | 10350 ||| READING scroll labelled XACZIPLOIZO.
 10351 | Lair:2   | 10351 ||| READING 6 scrolls of identify.
 10351 | Lair:2   | 10351 ||| IDENTIFYING clear potion
 10352 | Lair:2   | 10352 ||| READING 5 scrolls of identify.
 10352 | Lair:2   | 10352 ||| IDENTIFYING blue potion
 10353 | Lair:2   | 10353 ||| DROPPING potion of flight.
 10354 | Lair:2   | 10354 ||| DROPPING potion of invisibility.
 10391 | Lair:3   | 10391 ||| STAIRDANCE
 10393 | Lair:2   | 10393 ||| INVOKING Heroism.
 10440 | Lair:3   | 10440 ||| INVOKING Heroism.
 10442 | Lair:3   | 10442 ||| STAIRDANCE
 10474 | Lair:3   | 10474 ||| STAIRDANCE
 10482 | Lair:2   | 10482 ||| INVOKING Heroism.
 10565 | Lair:3   | 10565 ||| STAIRDANCE
 10570 | Lair:2   | Reached XP level 12. HP: 70/76 MP: 15/19
 10617 | Lair:3   | Found a staircase to the Shoals.
 10640 | Lair:3   | Identified the +2 pair of boots "Gytipt" {rC- Will+ Int+4}
 10661 | Lair:3   | Reached skill level 12 in Axes
 10696 | Lair:3   | Found a staircase to the Snake Pit.
 10697 | Lair:3   | 10697 ||| Stepping ~*~*~tactically~*~*~ (hiding).
 10702 | Lair:3   | 10702 ||| Stepping ~*~*~tactically~*~*~ (hiding).
 10703 | Lair:3   | 10703 ||| Stepping ~*~*~tactically~*~*~ (hiding).
 10712 | Lair:3   | 10712 ||| INVOKING Heroism.
 10898 | Lair:3   | Noticed Nergalle
 10899 | Lair:3   | 10899 ||| INVOKING Heroism.
 10906 | Lair:3   | Killed Nergalle
 11023 | Lair:3   | 11023 ||| Stepping ~*~*~tactically~*~*~ (stealth).
 11036 | Lair:3   | Reached skill level 6 in Shields
 11107 | Lair:3   | 11107 ||| Stepping ~*~*~tactically~*~*~ (stealth).
 11259 | Lair:3   | 11259 ||| INVOKING Heroism.
 11260 | Lair:3   | 11260 ||| Stepping ~*~*~tactically~*~*~ (stealth).
 11261 | Lair:3   | 11261 ||| Stepping ~*~*~tactically~*~*~ (stealth).
 11265 | Lair:3   | 11265 ||| Stepping ~*~*~tactically~*~*~ (stealth).
 11268 | Lair:3   | 11268 ||| Stepping ~*~*~tactically~*~*~ (stealth).
 11269 | Lair:3   | 11269 ||| Stepping ~*~*~tactically~*~*~ (stealth).
 11280 | Lair:3   | 11280 ||| Stepping ~*~*~tactically~*~*~ (stealth).
 11282 | Lair:3   | 11282 ||| INVOKING Heroism.
 11392 | Lair:3   | 11392 ||| Stepping ~*~*~tactically~*~*~ (stealth).
 11394 | Lair:3   | 11394 ||| Stepping ~*~*~tactically~*~*~ (hiding).
 11424 | Lair:3   | 11424 ||| Stepping ~*~*~tactically~*~*~ (stealth).
 11574 | Lair:3   | Noticed Gastronok
 11575 | Lair:3   | 11575 ||| Stepping ~*~*~tactically~*~*~ (hiding).
 11576 | Lair:3   | 11576 ||| Stepping ~*~*~tactically~*~*~ (hiding).
 11582 | Lair:3   | 11582 ||| INVOKING Heroism.
 11594 | Lair:3   | Killed Gastronok
 11594 | Lair:3   | Reached ****** piety under Okawaru
 11791 | Lair:3   | 11791 ||| Stepping ~*~*~tactically~*~*~ (stealth).
 11793 | Lair:3   | 11793 ||| INVOKING Heroism.
 11826 | Lair:3   | 11826 ||| READING scroll of enchant armour.
 11826 | Lair:3   | 11826 ||| ENCHANTING +0 helmet.
 11849 | Lair:3   | Noticed Fannar
 11864 | Lair:3   | Killed Fannar
 11864 | Lair:3   | Received a gift from Okawaru
 11865 | Lair:3   | Reached skill level 13 in Axes
 12136 | Lair:3   | 12136 ||| UPGRADING to +2 pair of boots "Gytipt" {rC- Will+
                  | Int+4}.
 12164 | Lair:4   | 12164 ||| INVOKING Heroism.
 12198 | Lair:4   | 12198 ||| INVOKING Heroism.
 12252 | Lair:4   | Reached skill level 9 in Armour
 12350 | Lair:4   | 12350 ||| READING scroll of brand weapon.
 12350 | Lair:4   | 12350 ||| BRANDING +1 war axe of flaming.
 12356 | Lair:4   | 12356 ||| INVOKING Heroism.
 12432 | Lair:4   | 12432 ||| Stepping ~*~*~tactically~*~*~ (stealth).
 12433 | Lair:4   | 12433 ||| INVOKING Heroism.
 12708 | Lair:4   | Noticed a catoblepas
 12709 | Lair:4   | 12709 ||| Stepping ~*~*~tactically~*~*~ (hiding).
 12710 | Lair:4   | 12710 ||| Stepping ~*~*~tactically~*~*~ (hiding).
 12713 | Lair:4   | 12713 ||| INVOKING Heroism.
 12714 | Lair:4   | 12714 ||| INVOKING Finesse.
 12723 | Lair:4   | Killed a catoblepas
 12724 | Lair:4   | Reached XP level 13. HP: 61/82 MP: 4/20
 12844 | Lair:4   | Found a transporter.
 12849 | Lair:4   | Noticed qw's ghost (journeyman GrFi)
 12866 | Lair:4   | Found a transporter.
 13000 | Lair:4   | 13000 ||| INVOKING Heroism.
 13029 | Lair:4   | Reached skill level 14 in Axes
 13230 | Lair:4   | Found a viscous altar of Jiyva.
 13230 | Lair:4   | Found a staircase to the Slime Pits.
 13339 | Lair:4   | 13339 ||| FLEEEEING.
 13340 | Lair:4   | 13340 ||| FLEEEEING.
 13343 | Lair:4   | 13343 ||| FLEEEEING.
 13344 | Lair:4   | 13344 ||| FLEEEEING.
 13347 | Lair:4   | 13347 ||| Stepping ~*~*~tactically~*~*~ (hiding).
 13348 | Lair:4   | 13348 ||| FLEEEEING.
 13352 | Lair:4   | 13352 ||| INVOKING Heroism.
 13526 | Lair:4   | 13526 ||| Stepping ~*~*~tactically~*~*~ (stealth).
 13597 | Lair:4   | 13597 ||| FLEEEEING.
 13598 | Lair:4   | 13598 ||| FLEEEEING.
 13599 | Lair:4   | 13599 ||| FLEEEEING.
 13600 | Lair:4   | 13600 ||| FLEEEEING.
 13601 | Lair:4   | 13601 ||| FLEEEEING.
 13604 | Lair:4   | 13604 ||| FLEEEEING.
 13606 | Lair:4   | 13606 ||| FLEEEEING.
 13607 | Lair:4   | 13607 ||| FLEEEEING.
 13608 | Lair:4   | 13608 ||| FLEEEEING.
 13609 | Lair:4   | 13609 ||| FLEEEEING.
 13610 | Lair:4   | 13610 ||| FLEEEEING.
 13611 | Lair:4   | 13611 ||| FLEEEEING.
 13612 | Lair:4   | 13612 ||| FLEEEEING.
 13613 | Lair:4   | 13613 ||| FLEEEEING.
 13614 | Lair:4   | 13614 ||| FLEEEEING.
 13615 | Lair:4   | 13615 ||| FLEEEEING.
 13616 | Lair:4   | 13616 ||| FLEEEEING.
 13617 | Lair:4   | 13617 ||| INVOKING Heroism.
 13797 | Lair:4   | 13797 ||| DROPPING +0 chain mail of positive energy.
 13813 | Lair:5   | Entered Level 5 of the Lair of Beasts
 13814 | Lair:5   | 13814 ||| STAIRDANCE
 13844 | Lair:5   | 13844 ||| INVOKING Heroism.
 13845 | Lair:5   | 13845 ||| STAIRDANCE
 13894 | Lair:5   | 13894 ||| INVOKING Heroism.
 13931 | Lair:5   | Received a gift from Okawaru
 13944 | Lair:5   | 13944 ||| FLEEEEING.
 13945 | Lair:5   | 13945 ||| FLEEEEING.
 13946 | Lair:5   | 13946 ||| FLEEEEING.
 13947 | Lair:5   | 13947 ||| STAIRDANCE
 14131 | Lair:5   | 14131 ||| READING scroll of enchant armour.
 14131 | Lair:5   | 14131 ||| ENCHANTING +1 helmet.
 14148 | Lair:5   | 14148 ||| INVOKING Heroism.
 14160 | Lair:5   | 14160 ||| Stepping ~*~*~tactically~*~*~ (stealth).
 14292 | Lair:5   | 14292 ||| INVOKING Heroism.
 14298 | Lair:5   | 14298 ||| INVOKING Finesse.
 14552 | Lair:5   | 14552 ||| INVOKING Heroism.
 14596 | Lair:5   | 14596 ||| Stepping ~*~*~tactically~*~*~ (stealth).
 14619 | Lair:5   | 14619 ||| Stepping ~*~*~tactically~*~*~ (stealth).
 14620 | Lair:5   | 14620 ||| INVOKING Heroism.
 14627 | Lair:5   | 14627 ||| Stepping ~*~*~tactically~*~*~ (stealth).
 14628 | Lair:5   | 14628 ||| Stepping ~*~*~tactically~*~*~ (stealth).
 14631 | Lair:5   | 14631 ||| Stepping ~*~*~tactically~*~*~ (stealth).
 14632 | Lair:5   | 14632 ||| Stepping ~*~*~tactically~*~*~ (stealth).
 14648 | Lair:5   | Received a gift from Okawaru
 14652 | Lair:5   | 14652 ||| FLEEEEING.
 14656 | Lair:5   | 14656 ||| INVOKING Heroism.
 14736 | Lair:5   | 14736 ||| Stepping ~*~*~tactically~*~*~ (stealth).
 14801 | Lair:5   | 14801 ||| INVOKING Heroism.
 14804 | Lair:5   | 14804 ||| INVOKING Finesse.
 14825 | Lair:5   | HP: 21/84 [20-headed hydra (3)]
 14825 | Lair:5   | HP: 10/84 [20-headed hydra (8)]
 14826 | Lair:5   | 14826 ||| READING 3 scrolls of teleportation.
 14826 | Lair:5   | Slain by a 20-headed hydra

Levels and vault maps discovered:
D:1:      minmay_arrival_five_plusses, layout_basic,
          nicolae_ecumenical_lake_church
D:2:      layout_rooms, basic_altar, grunt_decor_resistance,
          nicolae_elevator_lobby_plus
D:3:      layout_rooms, uniq_natasha
D:4:      layout_rooms, lemuel_round_altar, gammafunk_temple_overflow_pools
D:5:      minmay_opposing_rooms, layout_cave_pools,
          minmay_temple_entry_gardened_gates, st_stairs_9,
          minmay_manual_macuahuitl, uniq_duvessa
D:6:      layout_loops_corners, xom_butterflies, serial_bayou,
          serial_bayou_pond_b, serial_bayou_pond_e, serial_bayou_pond_c,
          serial_bayou_ford_a, serial_bayou_pond_d, serial_bayou_lagoon_a
D:7:      layout_cave_pools, nicolae_dithmenos_through_a_glass_darkly,
          minmay_hedge_maze, uniq_prince_ribbit1, uniq_pikel
D:8:      layout_cave_pools, makhleb_altar_promises_db, erik_lair_island,
          uniq_grum
Temple:   dpeg_chambers_temple
Lair:1:   dreamdust_cave_troll, layout_layer_cave
Lair:2:   layout_loops_ring, lightli_volcano_entry_magma_tube,
          kennysheep_snail_temple
Lair:3:   layout_roguey, shoals_dummy_entry, guppyfry_snake_entry_island,
          uniq_fannar, uniq_gastronok, uniq_nergalle
Lair:4:   layout_loops_ring, slime_entry_1, gammafunk_ghost_berserking_beasts
Lair:5:   gammafunk_lair_ancient_temple, layout_layer_cave,
          nicolae_lair_grazing_beasts [nicolae_sub_lair_graze_edge,
          nicolae_sub_lair_graze_edge, nicolae_sub_lair_graze_edge,
          nicolae_sub_lair_graze_edge]

Skill      XL: |  1  2  3  4  5  6  7  8  9 10 11 12 13 |
---------------+----------------------------------------+-----
Axes           | 2 3 5 7 8 9 10 11 13 14 | 14.7
Dodging        | 1 2 |  2.0
Fighting       | 4 6 7 8 9 10 11 | 11.0
Invocations    | 3 4 7 10 | 10.0
Throwing       | 1 2 |  2.0
Armour         | 4 6 7 9 10 | 10.0
Shields        | 4 5 6 7 |  7.1

Action                   |  1- 3 |  4- 6 |  7- 9 | 10-12 | 13-15 || total
-------------------------+-------+-------+-------+-------+-------++-------
Melee: War axe           |   102 |    94 |   260 |   437 |   221 ||  1114
Throw: Boomerang         |       |       |    25 |    64 |       ||    89
Invok: Heroism           |       |       |    13 |    34 |    11 ||    58
       Finesse           |       |       |       |     1 |     2 ||     3
  Use: Scroll            |     2 |    10 |     5 |     9 |     2 ||    28
       Potion            |       |     2 |     3 |       |       ||     5
Armor: Scale mail        |    65 |    29 |       |       |       ||    94
       Chain mail        |       |    24 |   126 |    87 |       ||   237
       Plate armour      |       |       |       |   156 |   234 ||   390
Dodge: Dodged            |    51 |    53 |    91 |   163 |   129 ||   487
Block: Buckler           |    20 |    17 |    46 |   103 |    77 ||   263

Table legend:
 A = Non-vault XP
 B = Vault XP
 C = Vault XP percentage of total XP
 D = Non-vault monster count
 E = Vault monster count
 F = Vault count percentage of total count
                 A         B        C        D         E       F
            +---------+---------+-------+---------+---------+-------
      Total |   33943 |   15828 |  31.8 |     250 |      63 |  20.1
            +---------+---------+-------+---------+---------+-------
        D:1 |      30 |       0 |   0.0 |      19 |       0 |   0.0
        D:2 |      64 |       0 |   0.0 |      10 |       0 |   0.0
        D:3 |     226 |      35 |  13.4 |      20 |       1 |   4.8
        D:4 |     138 |       0 |   0.0 |       9 |       0 |   0.0
        D:5 |     395 |    1048 |  72.6 |      11 |      18 |  62.1
        D:6 |    1196 |     265 |  18.1 |      26 |       4 |  13.3
        D:7 |     575 |     905 |  61.1 |      20 |       2 |   9.1
        D:8 |    1233 |    1092 |  47.0 |      16 |      10 |  38.5
     Lair:1 |    2683 |     643 |  19.3 |      13 |       1 |   7.1
     Lair:2 |    6616 |    1276 |  16.2 |      32 |       3 |   8.6
     Lair:3 |    6589 |    3385 |  33.9 |      25 |       5 |  16.7
     Lair:4 |    8495 |     380 |   4.3 |      33 |       2 |   5.7
     Lair:5 |    5703 |    6799 |  54.4 |      16 |      17 |  51.5
            +---------+---------+-------+---------+---------+-------
